 Dungeon Crawl Stone Soup version 0.23-a0-639-ga9a3373 (webtiles) character file.

269 Lanoc the Insei (level 6, -7/40 HPs)
             Began as an Octopode Transmuter on Dec 29, 2018.
             Was a Believer of Cheibriados.
             Killed by nerve-wracking pain
             ... invoked by a shadow imp
             ... summoned by Eustachio
              (14 damage)
             ... on level 4 of the Dungeon.
             The game lasted 00:09:48 (2184 turns).

Lanoc the Insei (Octopode Transmuter)               Turns: 2184, Time: 00:09:49

Health: -7/40      AC:  4    Str: 14    XL:     6   Next: 22%
Magic:  10/10      EV: 21    Int: 21    God:    Cheibriados [**....]
Gold:   132        SH:  0    Dex: 21    Spells: 4/10 levels left

rFire    . . .     SeeInvis .     - Unarmed
rCold    . . .     Gourm    .   (shield currently unavailable)
rNeg     . . .     Faith    .   (helmet currently unavailable)
rPois    x         Spirit   .   i - amulet of magic regeneration
rElec    .         Reflect  .   e - +2 ring of protection
rCorr    .         Harm     .   (no ring)
MR       .....                  (no ring)
Stlth    ++........             (no ring)
HPRegen  0.13/turn              (no ring)
MPRegen  0.37/turn              (no ring)
                                (no ring)
                                (no ring)

@: spider-form, drained, very slow
A: tiny, almost no armour, stealthy swim, (amphibious), 8 rings, (constrict 8)
a: End Transformation, Bend Time, Renounce Religion


You were on level 4 of the Dungeon.
You worshipped Cheibriados.
Cheibriados was pleased with you.
You were not hungry.
You were a venomous arachnid creature.
You visited 1 branch of the dungeon, and saw 4 of its levels.

You collected 132 gold pieces.

Inventory:

Missiles
 a - 30 arrows
Jewellery
 e - a +2 ring of protection (left front leg)
 i - an amulet of magic regeneration (around neck)
Wands
 o - a wand of enslavement (3)
Scrolls
 b - 2 scrolls of remove curse
 d - 2 scrolls of magic mapping {unknown}
 f - 2 scrolls of identify
 j - a scroll of amnesia {unknown}
 l - 2 scrolls of teleportation {unknown}
 n - a scroll of enchant armour {unknown}
 q - a scroll of fog {unknown}
Potions
 g - a potion of flight
 h - a potion of curing
 m - 5 potions of heal wounds {unknown}
 p - a potion of agility
Comestibles
 c - 10 rations
 k - 3 chunks of flesh


   Skills:
 + Level 2.3(2.0) Fighting
 + Level 3.0(2.7) Dodging
 * Level 4.3(4.0) Unarmed Combat
 + Level 2.7(2.4) Spellcasting
 * Level 3.7(3.4) Transmutations


You had 4 spell levels left.
You knew the following spells:

 Your Spells              Type           Power        Failure   Level  Hunger
a - Beastly Appendage     Tmut           ###...       12%         1    None
b - Sticks to Snakes      Tmut           ###.....     16%         2    ##.....
c - Spider Form           Tmut/Pois      #.........   41%         3    ###....

Your spell library contained the following spells:

 Spells                   Type           Power        Failure   Level  Hunger
 Ice Form                 Ice/Tmut       #.......     77%         4    ####...
 Blade Hands              Tmut           ###.......   85%         5    ######.


Dungeon Overview and Level Annotations

Branches:
Dungeon (4/15)
 Temple: D:4-7

Altars:
Cheibriados
Dithmenos
Nemelex Xobeh
Okawaru
Zin

Annotations:
D:4 Eustachio


Innate Abilities, Weirdness & Mutations

You cannot wear most types of armour.
You are very stealthy in the water. (Stealth+)
((You are amphibious.))
You can wear up to eight rings at the same time.
((You can use your tentacles to constrict eight enemies at once.))
((Your skin changes colour to match your surroundings (Stealth+).))
((Your rubbery body absorbs attacks. (AC +1, EV +1)))


Message History

You closely miss Eustachio.
Eustachio is severely wounded.
Eustachio closely misses you. The shadow imp misses you.
You barely miss Eustachio.
Eustachio is almost dead.
The shadow imp misses you.
Eustachio mumbles some strange words.
Eustachio blinks!
You barely miss the shadow imp. The shadow imp gestures at you.
Pain shoots through your body!
* * * LOW HITPOINT WARNING * * *
Eustachio growls, "To hell with you, honourless miscreant!"
Eustachio mumbles some strange words.
Eustachio blinks!
Eustachio casts a spell.
The shadow imp misses you. The shadow imp gestures at you.
Pain shoots through your body!
You die...

#.# #.......##....# ..#
#.......###.#.#### ### #.......#
##.....# #..[..@.# #.....#
#.....r# ###...# #.....# ##..#
#5....# ##..# #.##.#### #.###
#.######s##.##.# #.# #######
#...........##.. #.# ......#
####.#..#.###.######.# #####.#
#.......#...#......#.### # #.#
#.##.....###.......#.... ###
#.####.#.......##............ ..#
#.#.......≈≈≈...#.#.....##...
#.###........≈≈≈≈≈...##..........
#......>.....≈≈♣≈≈..########.##.#


You could see a shadow imp.

Vanquished Creatures
  A hound (D:4)
  Ijyb (D:4)
  2 worker ants (D:4)
  4 gnolls (D:2)
  4 adders
  An adder skeleton (D:4)
  3 worms
  4 dart slugs
  A leopard gecko (D:4)
  4 orcs (D:3)
  11 bats
  7 goblins
  13 hobgoblins
  3 quokkas
  3 frilled lizards
  6 kobolds
  6 rats
74 creatures vanquished.

Vanquished Creatures (collateral kills)
  A worm (D:2)
1 creature vanquished.

Grand Total: 75 creatures vanquished

Notes
Turn   | Place    | Note
-------+----------+-------------------------------------------
     0 | D:1      | Lanoc the Octopode Transmuter began the quest for the Orb.
     0 | D:1      | Reached XP level 1. HP: 13/13 MP: 3/3
    89 | D:1      | Reached XP level 2. HP: 17/18 MP: 5/5
   324 | D:1      | Reached XP level 3. HP: 22/23 MP: 4/6
   378 | D:1      | Learned a level 2 spell: Sticks to Snakes
   543 | D:2      | Found a snail-covered altar of Cheibriados.
   602 | D:2      | Found a glowing silver altar of Zin.
   605 | D:2      | Found a sparkling altar of Nemelex Xobeh.
   608 | D:2      | Found an iron altar of Okawaru.
   870 | D:2      | Became a worshipper of Cheibriados the Contemplative
   914 | D:2      | Found a shadowy altar of Dithmenos.
   949 | D:2      | Learned a level 3 spell: Spider Form
  1058 | D:2      | Reached XP level 4. HP: 26/29 MP: 7/7
  1429 | D:3      | Reached XP level 5. HP: 32/34 MP: 8/8
  1566 | D:3      | Reached * piety under Cheibriados
  1644 | D:3      | Reached skill level 4 in Unarmed Combat
  1979 | D:4      | Reached XP level 6. HP: 27/39 MP: 8/10
  2030 | D:4      | Noticed Ijyb
  2040 | D:4      | Killed Ijyb
  2167 | D:4      | Noticed Eustachio
  2171 | D:4      | Reached ** piety under Cheibriados
  2184 | D:4      | Killed from afar by a shadow imp

Vault maps used:
D:1:      wander_arrival_fairy_ring
D:2:      grunt_temple_overflow_open, grunt_dithmenos_smoke
D:3:      hangedman_decor_clover_reticule, corexii_corridor_pit
D:4:      elyvilon_altar_3, gammafunk_temple_overflow_elements, first_ration,
          uniq_pikel, uniq_eustachio, uniq_ijyb

Skill      XL: |  1  2  3  4  5  6 |
---------------+-------------------+-----
Transmutations | 3 |  3.7
Fighting       | 2 |  2.3
Unarmed Combat | 4 |  4.3
Dodging        | 3 |  3.0
Spellcasting   | |  2.7

Action                   |  1- 3 |  4- 6 || total
-------------------------+-------+-------++-------
Melee: Unarmed           |    61 |   102 ||   163
       Constrict         |    21 |    18 ||    39
       Kick              |    13 |    18 ||    31
       Tentacles         |    12 |    13 ||    25
       Punch             |     1 |       ||     1
 Cast: Beastly Appendage |    15 |    16 ||    31
       Sticks to Snakes  |     3 |       ||     3
       Spider Form       |       |     7 ||     7
  Use: Scroll            |       |     5 ||     5
 Stab: Sleeping          |     8 |     4 ||    12
  Eat: Chunk             |       |     5 ||     5
Armor: Skin              |     6 |    16 ||    22
Dodge: Dodged            |    23 |    68 ||    91

Table legend:
 A = Non-vault XP
 B = Vault XP
 C = Vault XP percentage of total XP
 D = Non-vault monster count
 E = Vault monster count
 F = Vault count percentage of total count
                 A         B        C        D         E       F
            +---------+---------+-------+---------+---------+-------
      Total |     349 |      36 |   9.4 |      74 |       1 |   1.3
            +---------+---------+-------+---------+---------+-------
        D:1 |      39 |       0 |   0.0 |      21 |       0 |   0.0
        D:2 |     104 |       0 |   0.0 |      21 |       0 |   0.0
        D:3 |      72 |       0 |   0.0 |      24 |       0 |   0.0
        D:4 |     134 |      36 |  21.2 |       8 |       1 |  11.1
            +---------+---------+-------+---------+---------+-------
